 Dungeon Crawl Stone Soup version 0.30.0-29-ga12c61a403 (webtiles) character file.

Game seed: 14274892355482025616

435 Sabo the Chopper (level 6, -12/39 (47) HPs)
             Began as a Demonspawn Gladiator on June 3, 2023.
             Killed from afar by Erica (17 damage)
             ... with a lance of force
             ... on level 8 of the Dungeon.
             The game lasted 00:22:29 (5169 turns).

Sabo the Chopper (Demonspawn Gladiator)             Turns: 5169, Time: 00:22:29

HP:   -12/39 (47)   AC: 13    Str: 16    XL:     6   Next: 68%
MP:   15/15         EV:  8    Int: 11    God:
Gold: 190           SH:  0    Dex: 15    Spells: 5/5 levels left

rFire   + . .        q - +8 sling of Ywnere Likh {heavy, rPois Int+2}
rCold   x . .        (no shield)
rNeg    + . .        z - +0 chain mail
rPois   +            t - +0 helmet of the Eight Boll Weevils {rC- rN+ Regen+}
rElec   .            (no cloak)
rCorr   .            u - +0 pair of gloves
SInv    .            (no boots)
Will    .....        (no amulet) Stlth
                     l - ring of magical power
HPRegen 1.06/turn    p - ring of protection from fire
MPRegen 0.28/turn

%: no passive effects
@: confused, heavily drained
A: molten scales 1, powered by pain 1, magic regeneration
a: no special abilities


You were on level 8 of the Dungeon.
You visited 1 branch of the dungeon, and saw 6 of its levels.

You collected 190 gold pieces.

Inventory:

Hand Weapons
 a - a +0 war axe
 q - the +8 sling of Ywnere Likh (weapon) {heavy, rPois Int+2}
   (You found it on level 3 of the Dungeon)

   Int:       It affects your intelligence (+2).
   rPois:     It protects you from poison.
Missiles
 d - 3 throwing nets
 e - a javelin
 n - 12 poisoned darts
Armour
 t - the +0 helmet of the Eight Boll Weevils (worn) {rC- rN+ Regen+}
   (You took it off Robin on level 4 of the Dungeon)

   rC:        It makes you vulnerable to cold.
   rN:        It protects you from negative energy.
   Regen:     It increases your rate of health regeneration.
 u - a +0 pair of gloves (worn)
 z - a +0 chain mail (worn)
Jewellery
 l - a ring of magical power (left hand)
 p - a ring of protection from fire (right hand)
Scrolls
 c - a scroll of enchant weapon {unknown}
 f - 4 scrolls of teleportation
 h - 2 scrolls of blinking
 j - a scroll of fear {unknown}
 m - 2 scrolls of poison {unknown}
 s - a scroll of magic mapping {unknown}
 v - 2 scrolls of identify {unknown}
 w - a scroll of amnesia {unknown}
 x - 2 scrolls of summoning {unknown}
 y - a scroll of enchant armour {unknown}
Potions
 b - a potion of attraction {unknown}
 g - a potion of lignification
 i - 2 potions of curing {unknown}
 k - 3 potions of haste {unknown}
 o - 2 potions of brilliance {unknown}


   Skills:
 + Level 3.1 Fighting
 + Level 3.9 Axes
 + Level 3.3 Ranged Weapons
 + Level 1.8 Throwing
 + Level 2.5 Armour
 + Level 3.3 Dodging
 + Level 0.7 Stealth


You had 5 spell levels left.
You didn't know any spells.
Your spell library contained the following spells:

 Spells                   Type           Power      Damage    Failure   Level
 Slow                     Hex            0%         N/A       99%         1
 Confusing Touch          Hex            0%         N/A       100%        3
 Vampiric Draining        Necr           0%         2d6       100%        3


Dungeon Overview and Level Annotations

Branches:
Dungeon (8/15)
 Temple: D:4-7         Lair: D:8-11

Altars:

Annotations:
D:8 Erica, Joseph


Innate Abilities, Weirdness & Mutations

You are partially covered in molten scales. (AC +2)
You sometimes gain a little power by taking damage.
You regenerate magic rapidly.


Message History

Joseph shoots a sling bullet.
The sling bullet barely misses you.
Joseph shoots a sling bullet.
The sling bullet hits you. You partially resist.
You feel drained.
Fire: q) +8 sling of Ywnere Likh {heavy, rPois Int+2}
Press: ? - help, Q - select action, (/) - cycle Shift-Dir - straight line, f/p - Joseph
Aim: Joseph, wielding a +2 sling of draining and wearing a +0 leather armour (lightly wounded, 67% to hit)
You shoot a sling bullet. The sling bullet hits Joseph!!
Joseph is heavily wounded.
Joseph shoots a sling bullet.
The sling bullet hits you! You partially resist.
You feel drained.
Fire: q) +8 sling of Ywnere Likh {heavy, rPois Int+2}
Press: ? - help, Q - select action, (/) - cycle Shift-Dir - straight line, f/p - Joseph
Aim: Joseph, wielding a +2 sling of draining and wearing a +0 leather armour (heavily wounded, 67% to hit)
You shoot a sling bullet. The sling bullet barely misses Joseph.
Erica the Fiery-Tempered comes into view.
She is wielding a +2 scimitar of flaming and wearing a +2 robe of positive energy.
Fire: q) +8 sling of Ywnere Likh {heavy, rPois Int+2}
Press: ? - help, Q - select action, (/) - cycle Shift-Dir - straight line, f - Erica
Aim: Erica, wielding a +2 scimitar of flaming and wearing a +2 robe of positive energy (64% to hit)
You shoot a sling bullet. The sling bullet barely misses Erica.
Erica screams, "I'll never tell where it is!"
Erica gestures at you while chanting.
You are confused.
Non-targeted confused fire: q) +8 sling of Ywnere Likh {heavy, rPois Int+2}
Press: ? - help, Q - select action, (/) - cycle Dir - look around, f - activate You shoot a sling bullet.
Erica casts a spell at you.
You struggle to resist.
Joseph shoots a sling bullet.
The sling bullet hits you but does no damage.
You partially resist.
Non-targeted confused fire: q) +8 sling of Ywnere Likh {heavy, rPois Int+2}
Press: ? - help, Q - select action, (/) - cycle Dir - look around, f - activate You shoot a sling bullet.
Joseph shoots a sling bullet.
The sling bullet hits you. You partially resist.
You feel drained.
Joseph shoots a sling bullet.
The sling bullet hits you!!
* * * LOW HITPOINT WARNING * * *
You partially resist.
You feel drained.
* * * LOW HITPOINT WARNING * * *
Erica gestures at you while chanting. The lance of force hits you!
You die...

#.....#
#....>#
##.....#
#......#
#.##.###
#)##.# ###
#.##.#
#...#.##.#
#..@.#
###..#
#.@@.
#......
...#.#...
..##.# ..
#.# .# .
#.#


You could see Joseph and Erica.

Vanquished Creatures
  4 orc priests (D:5)
  3 hounds
  An iguana (D:5)
  An orc wizard (D:3)
  Robin (D:4)
  4 adders
  A white imp (D:5)
  2 ufetubi
  2 worms
  2 dart slugs
  16 orcs
  5 endoplasms
  4 giant cockroaches
  13 goblins
  6 hobgoblins
  4 jackals (D:5)
  6 kobolds
  A quokka (D:3)
  8 ball pythons
  5 bats
  4 frilled lizards
  3 rats (D:1)
96 creatures vanquished.

Notes
Turn   | Place    | Note
-------+----------+-------------------------------------------
     0 | D:1      | Sabo the Demonspawn Gladiator began the quest for the Orb.
     0 | D:1      | Reached XP level 1. HP: 16/16 MP: 1/1
   227 | D:1      | Gained mutation: You are partially covered in molten
                  | scales. (AC +2) [demonic ancestry]
   227 | D:1      | Reached XP level 2. HP: 21/22 MP: 2/2
  1438 | D:2      | Reached XP level 3. HP: 20/27 MP: 3/3
  1444 | D:1      | Reached skill level 1 in Armour
  2247 | D:3      | Reached XP level 4. HP: 34/34 MP: 4/4
  2717 | D:3      | Identified the +8 sling of Ywnere Likh {heavy, rPois Int+2}
  3432 | D:4      | Reached skill level 1 in Ranged Weapons
  3432 | D:4      | Gained mutation: You sometimes gain a little power by
                  | taking damage. [demonic ancestry]
  3432 | D:4      | Reached XP level 5. HP: 35/39 MP: 5/5
  3487 | D:4      | Identified the +0 helmet of the Eight Boll Weevils {rC- rN+
                  | Regen+}
  3487 | D:4      | Noticed Robin
  3489 | D:4      | Killed Robin
  4505 | D:5      | Entered Level 5 of the Dungeon
  4587 | D:5      | Gained mutation: You regenerate magic rapidly. [demonic
                  | ancestry]
  4587 | D:5      | Reached XP level 6. HP: 46/46 MP: 6/6
  5144 | D:5      | You fall into a shaft and drop 3 floors!
  5161 | D:8      | Noticed Joseph
  5167 | D:8      | Noticed Erica
  5169 | D:8      | Killed from afar by Erica

Illustrated notes

Levels and vault maps discovered:
D:1:      lemuel_arrival_cross, layout_basic
D:2:      layout_rooms, st_stairs_10, minmay_misc_feat_enclosed,
          grunt_ministairs_7
D:3:      layout_basic
D:4:      layout_basic, uniq_robin
D:5:      layout_gridville, nicolae_tso_swordbearing_angel,
          chequers_temple_overflow_statue_of_worship
D:8:      layout_rooms, serial_shops, nicolae_stop_n_shop_2,
          gammafunk_ghost_stat_death, nicolae_two_hexagons, uniq_erica,
          uniq_maurice, uniq_joseph

Skill      XL: |  1  2  3  4  5  6 |
---------------+-------------------+-----
Axes           | 3 |  3.9
Armour         | 1 2 |  2.5
Dodging        | 3 |  3.3
Ranged Weapons | 1 2 3 |  3.3
Fighting       | 3 |  3.1
Throwing       | |  1.8
Stealth        | |  0.7

Action                     |  1- 3 |  4- 6 || total
---------------------------+-------+-------++-------
  Melee: War axe           |   117 |    45 ||   162
         Punch             |     1 |       ||     1
   Fire: Sling             |       |   106 ||   106
    Use: Scroll            |     1 |     1 ||     2
         Potion            |       |     1 ||     1
   Stab: Sleeping          |     1 |       ||     1
 Armour: Leather armour    |    62 |     3 ||    65
         Ring mail         |       |    20 ||    20
         Scale mail        |       |    64 ||    64
         Chain mail        |       |     2 ||     2
  Dodge: Dodged            |   118 |   109 ||   227
